Cogmind - Beta 14 @@@ ROGUE MODE // 2024.08.17 @ 14:16:40 Player: Falseshadow Result: Destroyed by O7-CV3(j) with Overtuned Pulse Rifle Performance ------------- Evolutions (2) 1000 Regions Visited (9) 1800 Robots Destroyed (127) 635 Value Destroyed (4303) 4303 Prototype IDs (34) 680 Alien Tech Used (0) 0 Bonus (927) 927 TOTAL SCORE: 9345 Bonus ------- High Alert Combat Kills 627 Aligned with FarCom 300 Cogmind --------- Core Integrity 0/550 Matter 132/300 Energy 59/100 System Corruption 6% Temperature Critical (500) Movement Treading (145) Location -8/Recycling Parts ------- > --- POWER (1) -------- (None) > --- PROPULSION (4) --- Advanced Treads > --- UTILITY (3) ------ Scrap Engine Improved Light Armor Plating > --- WEAPON (3) ------- Advanced EMP Blaster Greatsword > --- INVENTORY (5) ---- (None) Peak State ------------ > --- POWER ------------ Deuterium Engine > --- PROPULSION ------- Improved Aluminum Leg Carbon-fiber Leg Potential Leg Potential Leg > --- UTILITY ---------- Cargo Storage Unit Light Armor Plating > --- WEAPON ----------- Minigun Minigun Gauss Rifle > --- INVENTORY -------- Improved Ion Engine Improved Ion Engine Heavy Ion Engine Light Treads Light Treads Light Treads Light Treads Light Treads Light Treads Advanced Treads Aluminum Leg Aluminum Leg Improved Heat Sink Improved Heat Sink Improved Heat Sink Advanced Visual Processing Unit Medium Armor Plating Medium Armor Plating Medium Armor Plating Hardlight Generator Shield Generator Minigun Minigun EMP Blaster EMP Blaster Rocket Launcher Rocket Launcher Rocket Launcher Greatsword [Rating: 47] Favorites ----------- Power Improved Ion Engine Engine Improved Ion Engine Power Core Light Nuclear Core Propulsion Light Treads Treads Light Treads Leg Improved Aluminum Leg Hover Unit Aerolev Unit Flight Unit Improved VTOL Module Utility Cargo Storage Unit Device Shield Generator Storage Cargo Storage Unit Processor Salvage Targeting Computer Protection Medium Armor Plating Weapon Minigun Energy Gun Heavy Laser Ballistic Gun Minigun Launcher Advanced EMP Blaster Slashing Weapon Greatsword Build | -11 -10 -10 -9 -9 -9 -8 -8 -8 -8 ------- Run | Yrd Mat Min Mat Min Exi Min Mat Sto Rec Slots Evolved 4 | . . . 2 . . . 2 . . Power . | . . . . . . . . . . Propulsion 2 | . . . 2 . . . . . . Utility 1 | . . . . . . . 1 . . Weapon 1 | . . . . . . . 1 . . Parts Attached 99 | 7 4 5 7 2 2 . 17 42 13 Power 11 | 1 1 1 2 . . . 1 3 2 Engine 10 | 1 1 . 2 . . . 1 3 2 Core 1 | . . 1 . . . . . . . Reactor . | . . . . . . . . . . Propulsion 36 | 2 1 2 2 . 2 . 8 17 2 Treads 23 | 2 1 . . . . . 4 14 2 Leg 10 | . . 2 2 . 2 . 4 . . Wheel . | . . . . . . . . . . Hover 1 | . . . . . . . . 1 . Flight 2 | . . . . . . . . 2 . Utility 14 | 1 2 . . . . . 4 5 2 Device 2 | . . . . . . . . 1 1 Storage 2 | 1 1 . . . . . . . . Processor 1 | . 1 . . . . . . . . Hackware . | . . . . . . . . . . Protection 9 | . . . . . . . 4 4 1 Artifact . | . . . . . . . . . . Weapon 38 | 3 . 2 3 2 . . 4 17 7 Energy Gun 11 | . . 1 1 . . . . 5 4 Energy Cannon . | . . . . . . . . . . Ballistic Gun 18 | 3 . 1 2 1 . . 4 6 1 Ballistic Cannon . | . . . . . . . . . . Launcher 8 | . . . . 1 . . . 6 1 Special Weapon . | . . . . . . . . . . Impact Weapon . | . . . . . . . . . . Slashing Weapon 1 | . . . . . . . . . 1 Piercing Weapon . | . . . . . . . . . . Special Melee Weapon . | . . . . . . . . . . Unidentified Prototypes 7 | . . . 1 . . . . 5 1 Parts Lost 39 | . 1 4 1 . . . 3 22 8 Power 7 | . . 1 1 . . . . 3 2 Propulsion 14 | . 1 1 . . . . 1 8 3 Utility 6 | . . . . . . . 1 5 . Weapon 12 | . . 2 . . . . 1 6 3 Highest Loss Streak 8 | . 1 3 1 . . . 1 6 8 To Critical Strikes . | . . . . . . . . . . Average Slot Usage (%) 86 | . 86 79 88 88 88 88 89 88 86 Engine 9 | . 14 . 9 11 11 11 9 8 8 Treads 21 | . 28 . . . . . 6 35 35 Leg 13 | . . 27 44 44 44 44 29 . . Device 2 | . . . . . . . . 4 8 Storage 10 | . 14 14 11 11 11 11 9 9 8 Protection 2 | . . . . . . . 9 4 . Energy Gun 5 | . . 13 9 . . . . 4 15 Ballistic Gun 19 | . 28 14 12 21 22 22 26 19 8 Peak Build Rating 47 | 6 9 13 22 23 39 39 47 38 45 Average Rating 26 | 4 8 11 20 22 29 39 41 32 36 On Entrance 20 | . 6 9 13 22 23 39 39 27 31 Naked Turns . | . . . . . . . . . . Heaviest Build 168 | 13 148 149 154 154 154 154 166 168 164 Greatest Support 88 | 40 40 26 52 52 86 86 88 88 86 Greatest Overweight (x) 8 | . 3 5 2 2 2 1 2 8 1 Average Overweight (x) 1 | . 2 5 2 2 1 1 1 1 . Largest Inventory Capacity 30 | 8 30 30 30 30 30 30 30 30 30 Average Capacity 29 | 7 27 30 30 30 30 30 30 30 29 Most Carried 30 | 5 13 12 21 22 24 24 30 30 30 Average Carried 21 | 2 10 11 15 21 22 24 28 26 27 Final Capacity 30 | 8 30 30 30 30 30 30 30 30 5 Final Carried 30 | 2 12 11 21 22 24 24 30 26 . Scrap Engine Consumption 1 | . . . . . . . . . 1 Class Distribution -------------------- 48% | Hauler-Mutant 39% | Hauler-Skirmisher 9% | Scavenger-Skirmisher Dominant Class ---------------- Hauler-Mutant | -10/Materials Hauler-Mutant | -10/Mines Hauler-Mutant | -9/Materials Hauler-Mutant | -9/Mines Hauler-Mutant | -9/Exiles Hauler-Mutant | -8/Mines Hauler-Skirmisher | -8/Materials Hauler-Skirmisher | -8/Storage Hauler-Skirmisher | -8/Recycling Resources | -11 -10 -10 -9 -9 -9 -8 -8 -8 -8 ----------- Run | Yrd Mat Min Mat Min Exi Min Mat Sto Rec Matter Collected 3600 | 233 284 57 158 109 . . 1018 1642 99 Remotely . | . . . . . . . . . . Salvage Created 5816 | . 364 156 412 125 . . 1434 2979 346 Parts 308 | . 19 9 26 14 . . 67 157 16 Haulers Intercepted 10 | . 1 . 1 . . . 3 5 . Recyclers Shooed 6 | . 2 . 1 . . . 2 1 . Parts Field Recycled . | . . . . . . . . . . Retrieved Matter . | . . . . . . . . . . Parts Self-Destructed . | . . . . . . . . . . Prevented . | . . . . . . . . . . Kills | -11 -10 -10 -9 -9 -9 -8 -8 -8 -8 ------- Run | Yrd Mat Min Mat Min Exi Min Mat Sto Rec Combat Hostiles Destroyed 102 | . 6 4 8 6 . . 25 51 2 Guns 87 | . 6 4 8 2 . . 25 40 2 AOE 15 | . . . . 4 . . . 11 . Classes Destroyed 14 | . 4 . 1 1 . . 3 5 . Worker 5 | . 1 . . 1 . . . 3 . Builder 2 | . . . . . . . . 2 . Hauler 10 | . 1 . 1 . . . 3 5 . Recycler 7 | . . . . . . . 1 2 4 Mechanic 1 | . . . . . . . . 1 . Operator 2 | . . . . . . . . 2 . Watcher 4 | . 1 . 1 . . . . 2 . Swarmer 10 | . . . . 4 . . 3 3 . Grunt 64 | . 6 4 5 2 . . 16 31 . Brawler 2 | . . . . . . . . 2 . Duelist 4 | . . . . . . . 1 3 . Protector 2 | . . . . . . . . 2 . Sentry 16 | . . . 3 . . . 3 8 2 Hunter 4 | . . . . . . . 2 2 . Best Kill Streak 12 | . 2 2 3 4 . . 5 12 5 Combat Bots Only 8 | . 2 2 3 4 . . 4 8 1 Max Kills in Single Turn 4 | . 1 1 1 2 . . 1 4 1 Gunslinging . | . . . . . . . . . . Exploded 3 | . . . . 2 . . . 3 . Melee . | . . . . . . . . . . Uniques/NPCs Destroyed . | . . . . . . . . . . Combat | -11 -10 -10 -9 -9 -9 -8 -8 -8 -8 -------- Run | Yrd Mat Min Mat Min Exi Min Mat Sto Rec Hostile Shots Fired 607 | . 70 27 32 9 . . 151 272 46 Missed 144 | . 17 8 5 4 . . 52 50 8 Damage Taken 7019 | . 723 248 337 49 . . 1425 3340 897 Core 818 | . 178 27 49 . . . 47 346 171 Absorbed by Shields 342 | . . . . . . . . 338 4 Ignored by Resistances 34 | . . . . . . . . 34 . Regen/Repaired (Parts) 51 | . . . . . . . 51 . . Core Remaining (%) 68 | 100 . 18 . . . 87 . . . Volleys Fired 317 | . 53 12 19 7 . . 72 141 13 Largest 3 | . 2 2 2 2 . . 3 3 3 Hottest 157 | . 40 85 130 50 . . 78 157 157 Shots Fired 789 | . 106 24 38 11 . . 210 364 36 Gun 769 | . 106 24 38 8 . . 210 350 33 Cannon . | . . . . . . . . . . Launcher 20 | . . . . 3 . . . 14 3 Special . | . . . . . . . . . . Kinetic 680 | . 106 17 28 8 . . 210 300 11 Thermal 70 | . . 7 10 . . . . 41 12 Explosive 7 | . . . . 3 . . . 4 . Electromagnetic 32 | . . . . . . . . 19 13 Robot Hit Streak 16 | . 7 8 11 2 . . 10 16 7 Robot Miss Streak 6 | . 4 4 6 2 . . 4 4 1 Penetration Max 1 | . . . . . . . 1 1 . Secondary Targets 7 | . 2 1 . 1 . . 1 2 . Max Gunslinging Chain 1 | . 1 1 . 1 . . 1 1 . Shots Hit Robots 486 | . 65 20 26 5 . . 126 221 23 Core Hits 255 | . 24 16 22 9 . . 54 122 8 Critical Kills 3 | . . . 1 . . . 1 1 . Critical Parts Destroyed 3 | . . . . . . . . 3 . Critical Strikes 7 | . . . 1 . . . 1 5 . Burn 1 | . . . . . . . . 1 . Destroy 6 | . . . 1 . . . 1 4 . Melee Attacks 2 | . . . . . . . . . 2 Impact . | . . . . . . . . . . Slashing 2 | . . . . . . . . . 2 Piercing . | . . . . . . . . . . Sneak Attacks . | . . . . . . . . . . Combat Hostiles . | . . . . . . . . . . Follow-up Attacks . | . . . . . . . . . . Damage Inflicted 10432 | . 778 208 413 305 . . 2249 5899 580 Guns 8105 | . 761 208 413 65 . . 2212 4029 417 Cannons . | . . . . . . . . . . Explosions 2153 | . . . . 240 . . . 1806 107 Melee 54 | . . . . . . . . . 54 Ramming 120 | . 17 . . . . . 37 64 2 Kinetic 7004 | . 761 120 305 65 . . 2212 3452 89 Thermal 1392 | . . 88 108 . . . . 1060 136 Explosive 666 | . . . . 240 . . . 426 . Electromagnetic 1196 | . . . . . . . . 897 299 Impact . | . . . . . . . . . . Slashing 54 | . . . . . . . . . 54 Piercing . | . . . . . . . . . . Highest Corruption 6 | . . . . . . . . 6 6 Average Corruption 5 | . . . . . . . . 5 6 Corruption Purged . | . . . . . . . . . . Corruption Blocked . | . . . . . . . . . . Effects 73 | . . . . . . . . 43 30 Message Errors 19 | . . . . . . . . 11 8 Matter Fused 11 | . . . . . . . . 8 3 Heat Flow Errors 5 | . . . . . . . . 1 4 Energy Discharges 10 | . . . . . . . . 4 6 Parts Fused 3 | . . . . . . . . 2 1 Data Loss (minor) 11 | . . . . . . . . 7 4 Data Loss (major) 5 | . . . . . . . . 3 2 Misfires 2 | . . . . . . . . 1 1 Alerts 3 | . . . . . . . . 2 1 Weapon Failures 4 | . . . . . . . . 4 . Overload Shots . | . . . . . . . . . . Overflow Damage 33 | . . . . 21 . . . 12 . Projectiles . | . . . . . . . . . . Explosions 29 | . . . . 21 . . . 8 . Melee 4 | . . . . . . . . 4 . Knockbacks 1 | . . . . . . . . 1 . Impact 1 | . . . . . . . . 1 . Kinetic . | . . . . . . . . . . Secondary . | . . . . . . . . . . Self-Inflicted Damage 250 | . . . . . . . . 187 63 Shots 8 | . . . . . . . . 5 3 Rammed 9 | . 3 . . . . . 1 4 1 Targets Rammed 11 | . 3 . . . . . 2 5 1 Kicked 1 | . . . . . . . 1 . . Crushed 1 | . . . . . . . . 1 . Highest Temperature 631 | . 45 173 141 6 . . 160 404 631 Average Temperature 75 | . 16 73 29 4 . . 50 73 213 Received Heat Transfer 3454 | . 432 156 123 9 . . 621 1507 606 Effects 11 | . . . . . . . . 6 5 Shutdowns 2 | . . . . . . . . 1 1 Energy Bleed 2 | . . . . . . . . . 2 Matter Decay 3 | . . . . . . . . 1 2 Short Circuit 1 | . . . . . . . . 1 . Damage (major) 3 | . . . . . . . . 3 . Siege Activations . | . . . . . . . . . . Robots Corrupted 1 | . . . . . . . . 1 . Combat Hostiles . | . . . . . . . . . . Parts Fried 4 | . . . . . . . . 4 . Impact Corruptions 1 | . . . . . . . . 1 . Robots Melted . | . . . . . . . . . . Combat Hostiles . | . . . . . . . . . . Parts Melted 1 | . . . . . . . . 1 . Heat Transferred 2250 | . . 110 135 . . . . 1758 247 Parts Sabotaged . | . . . . . . . . . . Parts Stolen . | . . . . . . . . . . Parts Stripped . | . . . . . . . . . . Power Chain Reactions 6 | . . . . . . . . 6 . Alert | -11 -10 -10 -9 -9 -9 -8 -8 -8 -8 ------- Run | Yrd Mat Min Mat Min Exi Min Mat Sto Rec Peak Influence 1125 | . 190 85 162 205 . . 453 1125 456 Initial 438 | . . 10 . 39 . . . 186 438 Average 299 | . 36 32 62 178 . . 229 658 297 Maximum Alert Level 4 | . . . . 1 . . 2 4 2 Low Security (%) 50 | 100 100 100 100 45 . 100 32 3 30 Level 1 19 | . . . . 54 . . 54 21 34 Level 2 16 | . . . . . . . 13 32 34 Level 3 13 | . . . . . . . . 40 . Level 4 . | . . . . . . . . 1 . Level 5 . | . . . . . . . . . . High Security . | . . . . . . . . . . Max Security . | . . . . . . . . . . Squads Dispatched 18 | . . . . . . . 6 12 . Investigation 4 | . . . . . . . 2 2 . Extermination . | . . . . . . . . . . Reinforcement 8 | . . . . . . . 4 4 . Assault 5 | . . . . . . . . 5 . Garrison 1 | . . . . . . . . 1 . Intercept . | . . . . . . . . . . Searches Triggered . | . . . . . . . . . . Construction Impeded 3 | . . . . . . . 1 2 . Haulers Reinforced . | . . . . . . . . . . Active Scanning Responses . | . . . . . . . . . . Cargo Convoy Interrupts . | . . . . . . . . . . Stealth | -11 -10 -10 -9 -9 -9 -8 -8 -8 -8 --------- Run | Yrd Mat Min Mat Min Exi Min Mat Sto Rec Distress Signals 10 | . 2 . 3 . . . 2 3 . Communications Jammed . | . . . . . . . . . . Distress Signals . | . . . . . . . . . . Times Spotted 160 | . 19 4 11 6 . . 35 81 4 Peak Tracking Total 8 | . 3 2 3 4 . . 6 8 5 Tactical Retreats 10 | . 2 . 2 . . . 3 3 . Traps | -11 -10 -10 -9 -9 -9 -8 -8 -8 -8 ------- Run | Yrd Mat Min Mat Min Exi Min Mat Sto Rec Traps Triggered 4 | . . . . . . . 1 3 . Indirectly . | . . . . . . . . . . Trap Hack Attempts . | . . . . . . . . . . Triggered . | . . . . . . . . . . Disarmed . | . . . . . . . . . . Reprogrammed . | . . . . . . . . . . Reused . | . . . . . . . . . . Traps Extracted . | . . . . . . . . . . Installed . | . . . . . . . . . . Triggered . | . . . . . . . . . . Machines | -11 -10 -10 -9 -9 -9 -8 -8 -8 -8 ---------- Run | Yrd Mat Min Mat Min Exi Min Mat Sto Rec Machines Disabled 13 | . . . . . . . 2 9 2 Max in Single Turn 2 | . . . . . . . 1 2 1 Machines Repaired . | . . . . . . . . . . Machines Dismantled . | . . . . . . . . . . Machines Sabotaged . | . . . . . . . . . . Overloaded Fab Kills . | . . . . . . . . . . Hacking | -11 -10 -10 -9 -9 -9 -8 -8 -8 -8 --------- Run | Yrd Mat Min Mat Min Exi Min Mat Sto Rec Machines Accessed 24 | . 2 1 . . 2 . 2 10 7 Terminals 16 | . 2 . . . . . 1 9 4 Fabricators . | . . . . . . . . . . Repair Stations 2 | . . . . . . . 1 1 . Recycling Units 1 | . . . . . . . . . 1 Scanalyzers . | . . . . . . . . . . Garrison Access . | . . . . . . . . . . Total Hacks 72 | . 3 1 . . 2 . 6 25 35 Successful 50 | . 2 1 . . 2 . 2 12 31 Failed 22 | . 1 . . . . . 4 13 4 Catastrophic 3 | . . . . . . . . 1 2 Database Lockouts . | . . . . . . . . . . Manual 27 | . 2 . . . 1 . 3 15 6 Terminals 36 | . 3 . . . . . 3 22 8 Fabricators . | . . . . . . . . . . Repair Stations 6 | . . . . . . . 3 3 . Recycling Units 1 | . . . . . . . . . 1 Scanalyzers . | . . . . . . . . . . Garrison Access . | . . . . . . . . . . Terminal Hacks 39 | . 2 1 . . 2 . . 7 27 Record 25 | . . . . . 1 . . . 24 Part Schematic 1 | . . . . . . . . 1 . Robot Analysis 2 | . 1 . . . . . . 1 . Prototype ID Bank 2 | . 1 . . . . . . . 1 Open Door 6 | . . 1 . . . . . 5 . Derelict Proto ID Bank 1 | . . . . . 1 . . . . Release Object 2 | . . . . . . . . . 2 Fabricator Hacks . | . . . . . . . . . . Repair Station Hacks 3 | . . . . . . . 2 1 . Scan Component 2 | . . . . . . . 1 1 . Repair 1 | . . . . . . . 1 . . Recycling Unit Hacks 1 | . . . . . . . . . 1 Report Inventory 1 | . . . . . . . . . 1 Scanalyzer . | . . . . . . . . . . Garrison Access Hacks . | . . . . . . . . . . Unauthorized Hacks 7 | . . . . . . . . 4 3 Terminals 7 | . . . . . . . . 4 3 Assimilate 1 | . . . . . . . . 1 . Botnet 6 | . . . . . . . . 3 3 Fabricators . | . . . . . . . . . . Repair Stations . | . . . . . . . . . . Recycling Units . | . . . . . . . . . . Scanalyzers . | . . . . . . . . . . Garrison Access . | . . . . . . . . . . Data Cores Recovered . | . . . . . . . . . . Used . | . . . . . . . . . . Hacking Detections 12 | . . . . . . . 2 7 3 Full Trace Events 4 | . . . . . . . 1 2 1 Feedback Events . | . . . . . . . . . . Feedback Blocked . | . . . . . . . . . . Robot Schematics Acquired . | . . . . . . . . . . Robots Built . | . . . . . . . . . . Authchips . | . . . . . . . . . . Time . | . . . . . . . . . . Total Robot Build Rating . | . . . . . . . . . . Part Schematics Acquired 1 | . . . . . . . . 1 . Parts Built . | . . . . . . . . . . Authchips . | . . . . . . . . . . Time . | . . . . . . . . . . Total Part Build Rating . | . . . . . . . . . . Parts Repaired 1 | . . . . . . . 1 . . Time 38 | . . . . . . . 38 . . Parts Recycled . | . . . . . . . . . . Recycled Matter . | . . . . . . . . . . Retrieved Matter . | . . . . . . . . . . Retrieved Components . | . . . . . . . . . . Parts Scanalyzed . | . . . . . . . . . . Part Schematics Acquired . | . . . . . . . . . . Parts Damaged . | . . . . . . . . . . Bothacking | -11 -10 -10 -9 -9 -9 -8 -8 -8 -8 ------------ Run | Yrd Mat Min Mat Min Exi Min Mat Sto Rec Used RIF Installer . | . . . . . . . . . . Robots Hacked . | . . . . . . . . . . Non-combat . | . . . . . . . . . . Combat . | . . . . . . . . . . Robot Hacks Applied . | . . . . . . . . . . Relay Couplers Released . | . . . . . . . . . . Fabnet Peak Effective % . | . . . . . . . . . . Robots Rewired . | . . . . . . . . . . Allies Hacked . | . . . . . . . . . . Hacks Repelled . | . . . . . . . . . . Allies | -11 -10 -10 -9 -9 -9 -8 -8 -8 -8 -------- Run | Yrd Mat Min Mat Min Exi Min Mat Sto Rec Total Allies 2 | . . . . . . . . 2 . Largest Group 2 | . . . . . . . . 2 . Highest-Rated Group 62 | . . . . . . . . 62 . Highest-Rated Ally 31 | . . . . . . . . 31 . Total Orders . | . . . . . . . . . . Ally Attacks 6 | . . . . . . . . 6 . Total Damage 106 | . . . . . . . . 106 . Kills . | . . . . . . . . . . Allies Corrupted . | . . . . . . . . . . Allies Melted . | . . . . . . . . . . Intel | -11 -10 -10 -9 -9 -9 -8 -8 -8 -8 ------- Run | Yrd Mat Min Mat Min Exi Min Mat Sto Rec Robot Analysis Total 2 | . 1 . . . . . . 1 . Derelict Logs Recovered 1 | . . 1 . . . . . . . Drone Launches . | . . . . . . . . . . Drone Recoveries . | . . . . . . . . . . Exploration | -11 -10 -10 -9 -9 -9 -8 -8 -8 -8 ------------- Run | Yrd Mat Min Mat Min Exi Min Mat Sto Rec Turns Passed 9425 | 67 1777 947 694 203 490 87 1118 2890 1152 Spaces Moved 2980 | 42 449 193 231 71 219 49 391 867 468 Core 13 | 13 . . . . . . . . . Treads 1866 | 29 449 . . . . . 53 867 468 Legs 1101 | . . 193 231 71 219 49 338 . . Wheels . | . . . . . . . . . . Hover . | . . . . . . . . . . Flight . | . . . . . . . . . . Fastest Speed 50 | 50 160 470 260 260 180 180 180 225 145 Average Speed 268 | 125 354 470 260 260 222 180 197 258 230 Slowest Speed 800 | 160 400 470 260 260 260 180 316 800 232 Overloaded Moves . | . . . . . . . . . . Propulsion Burnouts . | . . . . . . . . . . Robots Hopped . | . . . . . . . . . . Cave-ins Triggered . | . . . . . . . . . . Exploration Rate (%) 48 | 3 68 58 28 16 62 28 41 94 84 Regions Visited 9 Branch Regions 6 Pre-discovered Areas 1 | . . . . . 1 . . . . Known Exits Taken 1 | . . . . . . . 1 . . Unknown Exits Taken 8 | 1 1 1 1 1 1 1 . 1 . Scrap Searched 1 | . . 1 . . . . . . . Spaces Dug 9 | . . . . . . . . 9 . Terrain Destroyed 118 | . . . . 29 . . . 89 . Melee . | . . . . . . . . . . Projectile 5 | . . . . . . . . 5 . AOE 113 | . . . . 29 . . . 84 . Terrain Rammed . | . . . . . . . . . . Walls Destroyed . | . . . . . . . . . . Machines Disabled . | . . . . . . . . . . Actions | -11 -10 -10 -9 -9 -9 -8 -8 -8 -8 --------- Run | Yrd Mat Min Mat Min Exi Min Mat Sto Rec Total 3819 | 56 534 214 291 80 222 48 618 1244 512 Wait 271 | . 2 2 22 . . . 94 151 . Move 2972 | 41 448 192 230 70 218 48 391 866 468 Hop . | . . . . . . . . . . Pick Up 108 | 8 19 3 13 1 2 . 27 28 7 Fast Attach 3 | . . . . . . . . 3 . Attach 57 | 6 3 4 3 . . . 7 27 7 Detach 2 | . . . . . . . . . 2 Swap 39 | 1 1 1 4 2 2 . 10 12 6 Drop 38 | . 5 . . . . . 16 11 6 Fire 317 | . 53 12 19 7 . . 72 141 13 Melee 2 | . . . . . . . . . 2 Ram . | . . . . . . . . . . Kick 1 | . . . . . . . 1 . . Crush 9 | . 3 . . . . . . 5 1 Escape Stasis . | . . . . . . . . . . Rewire . | . . . . . . . . . . Trap . | . . . . . . . . . . Miscellaneous . | . . . . . . . . . . Route ------- -11/Scrapyard -10/Materials (discovered 3 exits: [*Mat x2] / *Min) -10/Mines -9/Materials -9/Mines -9/Exiles -8/Mines -8/Materials (discovered 2 exits: [*Fac] / *Sto) -8/Storage (discovered 2 exits: [*Fac] / *Rec) -8/Recycling (discovered 1 exit: [*Fac]) History --------- Turn | Location | Event 10 | -11/Scrapyard | Discovered new exit (range 16) 68 | -11/Scrapyard | Entered Materials 236 | -10/Materials | Discovered new exit (range 13) 572 | -10/Materials | Build established: Hauler-Mutant 919 | -10/Materials | Discovered new exit (range 13) 1260 | -10/Materials | Core integrity fell below 50% 1697 | -10/Materials | Discovered new exit (range 16) 1845 | -10/Materials | Entered Mines 1890 | -10/Mines | Lost 3 parts (1n2w) 1902 | -10/Mines | Core integrity fell below 20% 2304 | -10/Mines | Found the Drone Emporium 2426 | -10/Mines | Assembled infested the area 2707 | -10/Mines | Discovered new exit (range 11) 2792 | -10/Mines | Entered Materials 2792 | -9/Materials | Evolved 2 slots: Propulsion x2 3351 | -9/Materials | Discovered new exit (range 15) 3486 | -9/Materials | Entered Mines 3512 | -9/Mines | Met a Derelict bent on vengeance 3678 | -9/Mines | Deemed a non-threat by the Exiles lab entrance 3678 | -9/Mines | Discovered new exit (range 5) 3689 | -9/Mines | Entered Exiles 3749 | -9/Exiles | Met 8R-AWN 3799 | -9/Exiles | Met EX-HEX 3879 | -9/Exiles | Met EX-BIN 3908 | -9/Exiles | Aligned with FarCom system 3910 | -9/Exiles | Given EX-Vault access code 3970 | -9/Exiles | Opened EX-Vault 3986 | -9/Exiles | Found Potential Leg 3989 | -9/Exiles | Found Potential Leg 4031 | -9/Exiles | Warned to stay clear of 0b10 Research branches 4082 | -9/Exiles | Met EX-DEC 4109 | -9/Exiles | Learned location of Zion (-7) 4161 | -9/Exiles | Discovered new exit (range 12) 4179 | -9/Exiles | Left Exiles lab with Potential Leg 4179 | -9/Exiles | Entered Mines 4233 | -8/Mines | Discovered new exit (range 15) 4266 | -8/Mines | Entered Materials 4266 | -8/Materials | Evolved 2 slots: Utility x1, Weapon x1 4267 | -8/Materials | Identified exit to Storage 4482 | -8/Materials | Repaired Minigun 4578 | -8/Materials | Discovered new exit (range 13) 4796 | -8/Materials | Build established: Hauler-Skirmisher 5384 | -8/Materials | Entered Storage 5954 | -8/Storage | Met a pair of Derelict thieves 6080 | -8/Storage | Destroyed 8 combat bots 6507 | -8/Storage | Discovered new exit (range 12) 6584 | -8/Storage | First assault squad dispatched 6675 | -8/Storage | Lost 4 parts (2p1u1w) 6755 | -8/Storage | Garrison activated, responded to threat 6953 | -8/Storage | Lost 6 parts (1p3n1u1w) 6967 | -8/Storage | Core integrity fell below 50% 7246 | -8/Storage | Build established: Scavenger-Skirmisher 7899 | -8/Storage | Lost 4 parts (2n2w) 8264 | -8/Storage | Used back door to open Recycling access 8264 | -8/Storage | Discovered new exit (range 5) 8274 | -8/Storage | Entered Recycling 8363 | -8/Recycling | Build established: Hauler-Skirmisher 9171 | -8/Recycling | Discovered new exit (range 16) 9276 | -8/Recycling | Scanned before Scraplab entrance 9316 | -8/Recycling | Entered Scraplab 9369 | -8/Recycling | Discovered new exit (range 3) 9390 | -8/Recycling | Angered Scraplab inhabitants 9392 | -8/Recycling | Found Prototype Device 9401 | -8/Recycling | Identified Scrap Engine 9407 | -8/Recycling | Core integrity fell below 20% 9426 | -8/Recycling | Destroyed by O7-CV3(j) with Overtuned Pulse Rifle Last Messages --------------- TM-J43(j) IFF system glitched. Minigun destroyed. Critical hit (Burn: +50). Hvy. Laser destroyed. Scrap Engine consumes Corrupted Potential Leg. Critical hit (Burn: +50). TM-J43(j) misfires. Scraplab SEP disabled. Arm. Treads destroyed. TM-J43(j) destroyed. Slammed into Q5-P7R(j). System corrupted: Heat flow error (+228). Critical hit (Burn: +50). Overheating: Energy bleed (-9). Q5-P7R(j) misfires. Overheating: Matter decay (-38). Deuterium Engine destroyed. Overheating: Matter decay (-36). Overheating: Energy bleed (-11). Critical hit (Burn: +50). Map ----- +----------------------------------------------------+ | | | | | | | | | | | | | | | | | | | | | | | | | | | | | | | | | | | | | | | | | | | ?????????????????????????############????????????? | | ?????????????????????????# ! ""#< #????????????? | | ?????????????????????????#]!! !" ## #????????????? | | ???????????????????####### =!j!c #????????????? | | ??????????????????## @*j=!c] #????????????? | | ??????????????????# #####% !=! "#????????????? | | ??????????????????## #???#=!] ""#????????????? | | ???????????????????# #???# & & X ""#????????????? | | ???????????????????# #???# """ #????????????? | | ????????????????#####################????????????? | | ????????????????# #????????????????????????? | | ????????????????# ! #????????????????????????? | | #########???????# = #????????????????????????? | | #???????# #????????????????????????? | | #???????####+####????????????????????????? | | #??????????# #???????????????????????????? | | ############ #???????????????????????????? | | + #???????????????????????????? | | ######### ####???????????????????????????? | | #???????# #??????????????????????????????? | | #???????# #??????????????????????????????? | | #???????# #??????????????????????????????? | | +################ #####??????????????????????????? | | #??????????????????????????? | | #??????????????????????????? | | #??????????????????????????? | | +#######%########## #??????????????????????????? | | ###????????# #???##########?????????????? | | #?????????## #?? #?????????????? | +----------------------------------------------------+ Best States ------------- Heat Dissipation 31 Energy Generation 14 Energy Capacity 280 Matter Stores 300 Matter Capacity 300 Sight Range 16 Terrain Scan Density 10 Armor Coverage 225 Resistance: KI 20 Evasion (%) 50 Recoil Reduction 4 Salvage Targeting 1 Item Schematics ----------------- Hacking Suite | -8/Storage | Hacked Robot Schematics ------------------ None Fabricated ------------ Nothing Alien Tech Used ----------------- None Achievements -------------- Packrat Challenges ------------ None Game ------ Seed ExoskeletonZhirovArray Manual? 0 Play Time 00:51:33 Cumulative 64.4 hours Start 2024.08.17 @ 13:11:06 End 2024.08.17 @ 14:16:40 Sessions 1 Manual Loads 0 Difficulty Rogue Special Mode None Game No. 85 Rogue 85 Adventurer 0 Explorer 0 Win Type - Total 2 Types 2/0/0/0/0/0/0/0/0 Lore% 34 Gallery% 50 Achievement% 38 Wizard Run 0 Options --------- Layout 0 ASCII 0 Keyboard 0 Movement Mouse Keybinds 0 Fullscreen 2 Font 18/SmallcapsGlow Map View 76x50 Zoom Use 0% Tactical HUD 0 Map Filters NONE Filters NONE Steam 1 RUN: aeefc6d6-7022-4571-83e4-be8a4b6f20f7